 Dungeon Sprint DCSS version 0.28.0-53-g5a82cb258f (webtiles) character file.

Game seed: 15935575658760274124

1709 Zeld the Fighter (level 8, -11/89 HPs)
             Began as a Minotaur Berserker on June 10, 2022.
             Was a High Priest of Trog.
             Shot with an arrow by a centaur warrior (19 damage)
             ... in the Dungeon (Sprint IX: "|||||||||||||||||||||||||||||").
             The game lasted 00:00:40 (529 turns).

Zeld the Fighter (Minotaur Berserker)                Turns: 529, Time: 00:00:42

Health: -11/89     AC:  5    Str: 24    XL:     8   Next: 74%
Magic:  7/7        EV:  7    Int:  4    God:    Trog [*****.]
Gold:   0          SH:  0    Dex: 10    Spells: 7/7 levels left

rFire   . . .      SeeInvis .   a - +3 war axe (freeze)
rCold   . . .      Faith    .   (no shield)
rNeg    . . .      Spirit   .   b - +0 animal skin
rPois   .          Reflect  .   (helmet restricted)
rElec   .          Harm     .   k - +0 cloak
rCorr   .          Rampage  .   q - +0 pair of gloves
Will    .....      NoTele   +   (no boots)
Stlth   +.........              (no amulet)
HPRegen 0.24/turn               (no ring)
MPRegen 0.10/turn               (no ring)

@: petrifying (expiring), on berserk cooldown, slowed, very slow
A: horns 2, retaliatory headbutt
a: Renounce Religion, Berserk, Trog's Hand, Brothers in Arms


You were in the Dungeon.
You worshipped Trog.
Trog was extremely pleased with you.
You visited 1 branch

Inventory:

Hand Weapons
 a - a +3 war axe of freezing (weapon)
Armour
 b - a +0 animal skin (worn)
 k - a +0 cloak (worn)
 q - a +0 pair of gloves (worn)
Wands
 j - a wand of acid (10)
Scrolls
 h - 2 scrolls of blinking
Potions
 c - 5 potions of curing
 d - 3 potions of heal wounds
 e - a potion of haste
 f - 4 potions of magic
 g - a potion of berserk rage
 i - a potion of invisibility


   Skills:
 * Level 14.0 Fighting
 * Level 14.0 Axes
 + Level 9.9 Armour
 + Level 9.0 Dodging


You had 7 spell levels left.
You didn't know any spells.
Your spell library was empty.

Dungeon Overview and Level Annotations

Branches:
Dungeon (1/1)

Altars:
Cheibriados
Dithmenos
Elyvilon
Fedhas
Gozag
Hepliaklqana
Kikubaaqudgha
Makhleb
Nemelex Xobeh
Okawaru
Qazlal
Ru
Sif Muna
Trog
Uskayaw
Vehumet
Wu Jian
Xom
Yredelemnul
Zin
The Shining One
Beogh
Jiyva
Lugonu


Innate Abilities, Weirdness & Mutations

You have a pair of horns on your head.
You reflexively headbutt those who attack you in melee.


Message History

You turn to flesh and can move again.
You slash the catoblepas! You freeze the catoblepas.
The catoblepas is severely wounded.
You are engulfed in calcifying dust.
The catoblepas gores you.
Unknown command.
You slash the catoblepas! You freeze the catoblepas!
The catoblepas is almost dead.
The catoblepas closely misses you.
Unknown command.
You hit the catoblepas but do no damage.
The catoblepas is almost dead.
The catoblepas breathes a plume of calcifying dust at you.
The blast of calcifying dust hits you.
You slash the catoblepas! You freeze the catoblepas.
You kill the catoblepas!
Trog accepts your kill.
You are engulfed in calcifying dust.
The centaur warrior wields a +0 shortbow.
The centaur warrior shoots an arrow.
The arrow barely misses you.
The centaur warrior shoots an arrow.
The arrow misses you.
Your Fighting skill gained 2 levels and is now at level 14!
Your Axes skill gained 2 levels and is now at level 14!
Your Dodging skill increases to level 9!
Unknown command.
You are engulfed in calcifying dust.
The centaur warrior shoots an arrow.
The arrow hits you!
The centaur warrior shoots an arrow.
The arrow misses you.
As you close the door, pushing everything out of the way, it creaks loudly!
You are engulfed in calcifying dust.
You are slowing down.
A centaur warrior opens the door.
A troll comes into view.
Unknown command.
You fail to use your ability.
You are engulfed in calcifying dust.
Your limbs have turned to stone.
The centaur warrior shoots an arrow.
The arrow hits you!!
* * * LOW HITPOINT WARNING * * *
The centaur warrior shoots an arrow.
The arrow hits you!!
* * * LOW HITPOINT WARNING * * *
The centaur warrior shoots an arrow.
The arrow hits you!!
You die...

▓.▓
▓=▓
▓'▓
▓)▓
▓.▓
▓.▓
▓.▓
▓.▓
▓@▓
▓'▓
▓c▓
▓.▓
▓T▓
▓.▓
▓T▓
▓.▓
▓+▓


You could see a centaur warrior and 2 trolls.

Vanquished Creatures
  A catoblepas (D)
  A cyclops (D)
  A troll (D)
  A wraith (D)
  2 wyverns (D)
  A scorpion (D)
  An orc wizard (D)
  An adder skeleton (D)
  An orc (D)
  A bat (D)
  An endoplasm (D)
  A giant cockroach (D)
  3 quokkas (D)
  A ball python zombie (D)
  A frilled lizard (D)
18 creatures vanquished.

Notes
Turn   | Place    | Note
-------+----------+-------------------------------------------
     0 | D        | Zeld the Minotaur Berserker began the quest for the Orb.
     0 | D        | Reached XP level 1. HP: 19/19 MP: 0/0
     9 | D        | Reached ** piety under Trog
    35 | D        | Noticed a scorpion
    39 | D        | Reached XP level 2. HP: 28/28 MP: 1/1
    40 | D        | Reached *** piety under Trog
    45 | D        | Killed a scorpion
    46 | D        | Reached XP level 3. HP: 30/38 MP: 2/2
    50 | D        | Reached XP level 4. HP: 28/45 MP: 3/3
   237 | D        | Found a snail-covered altar of Cheibriados.
   237 | D        | Found a shadowy altar of Dithmenos.
   237 | D        | Found a white marble altar of Elyvilon.
   237 | D        | Found a blossoming altar of Fedhas.
   237 | D        | Found an opulent altar of Gozag.
   238 | D        | Found a hazy altar of Hepliaklqana.
   239 | D        | Found a viscous altar of Jiyva.
   240 | D        | Found an ancient bone altar of Kikubaaqudgha.
   241 | D        | Found a corrupted altar of Lugonu.
   242 | D        | Found a burning altar of Makhleb.
   243 | D        | Found a sparkling altar of Nemelex Xobeh.
   244 | D        | Found an iron altar of Okawaru.
   245 | D        | Found a stormy altar of Qazlal.
   246 | D        | Found a sacrificial altar of Ru.
   247 | D        | Found a shimmering blue altar of Sif Muna.
   248 | D        | Found a bloodstained altar of Trog.
   249 | D        | Found a hide-covered altar of Uskayaw.
   250 | D        | Found a radiant altar of Vehumet.
   251 | D        | Found an ornate altar of the Wu Jian Council.
   252 | D        | Found a shimmering altar of Xom.
   253 | D        | Found a basalt altar of Yredelemnul.
   254 | D        | Found a glowing silver altar of Zin.
   255 | D        | Found a glowing golden altar of the Shining One.
   302 | D        | Noticed a wyvern
   302 | D        | Noticed a wraith
   302 | D        | Noticed a troll
   302 | D        | Noticed a wyvern
   305 | D        | Killed a wyvern
   305 | D        | Reached **** piety under Trog
   306 | D        | Reached skill level 5 in Dodging
   306 | D        | Reached XP level 5. HP: 56/56 MP: 4/4
   308 | D        | Killed a wraith
   309 | D        | Reached skill level 10 in Fighting
   309 | D        | Reached skill level 10 in Axes
   309 | D        | Reached XP level 6. HP: 66/66 MP: 5/5
   311 | D        | Killed a troll
   312 | D        | Reached XP level 7. HP: 67/74 MP: 6/6
   314 | D        | Killed a wyvern
   322 | D        | Reached ***** piety under Trog
   507 | D        | Noticed a cyclops
   507 | D        | Noticed a catoblepas
   507 | D        | Noticed a centaur warrior
   507 | D        | Noticed a rime drake
   507 | D        | Noticed a troll
   512 | D        | Killed a cyclops
   512 | D        | a rime drake changed into something unseen
   513 | D        | Reached XP level 8. HP: 85/85 MP: 7/7
   519 | D        | Noticed a shapeshifter
   520 | D        | a shapeshifter changed into something unseen
   526 | D        | Killed a catoblepas
   529 | D        | Noticed a troll
   529 | D        | Shot with an arrow by a centaur warrior

Illustrated notes

Levels and vault maps discovered:
D:        linesprint [early_d, line_temple, items_1, d_10, items_2, lair_1,
          lair_end, items_3, orc_1, orc_end, items_4, d_15, swamp_1, shoals_1,
          snake_1, spider_1, d_20, vaults_1, items_5, swamp_end, shoals_end,
          snake_end, spider_end, vaults_end, d_27, items_6, zot_1, zot_end,
          crypt_end, forest_end, elf_end, slime_end, tomb_end, abyss_end,
          pan_hell_end]

Skill      XL: |  1  2  3  4  5  6  7  8 |
---------------+-------------------------+-----
Fighting       | 4 6 8 10 11 12 14 | 14.0
Axes           | 4 6 9 10 11 12 14 | 14.0
Armour         | 3 4 6 7 9 |  9.9
Dodging        | 3 4 5 6 7 8 9 |  9.0

Action                   |  1- 3 |  4- 6 |  7- 9 || total
-------------------------+-------+-------+-------++-------
Melee: Hand axe          |    23 |       |       ||    23
       Headbutt          |     1 |     1 |     2 ||     4
       War axe           |       |     7 |    17 ||    24
Invok: Berserk           |     1 |     1 |     1 ||     3
Armor: Animal skin       |     4 |       |     2 ||     6
Dodge: Dodged            |     8 |     5 |    10 ||    23
